 Dungeon Crawl Stone Soup version 0.30.0-5-g1a98f26d00 (webtiles) character file.

Game seed: 4467639305681968554

22199 backslashecho the Nimble (level 12, -1/96 HPs)
             Began as a Gnoll Monk on May 8, 2023.
             Was an Initiate of Cheibriados.
             Slain by a cane toad (19 damage)
             ... on level 5 of the Lair of Beasts.
             The game lasted 00:52:33 (16205 turns).

backslashecho the Nimble (Gnoll Monk)              Turns: 16205, Time: 00:52:33

Health: -1/96      AC: 12    Str: 13    XL:     12   Next: 98%
Magic:  23/23      EV: 16    Int: 16    God:    Cheibriados [......]
Gold:   158        SH:  0    Dex: 20    Spells: 17/25 levels left

rFire   . . .        e - +0 demon whip (venom)
rCold   + . .        (no shield)
rNeg    + . .        O - +0 ring mail {Will+}
rPois   .            y - +1 helmet {Int+3}
rElec   .            i - scarf {rC+ rF+}
rCorr   .            L - -1 pair of gloves "Icaesyn" {Dex+3}
SInv    .            J - +2 pair of boots
Will    +....        (no amulet)
Stlth   +++          s - ring of protection from cold
HPRegen 0.36/turn    z - ring of positive energy
MPRegen 0.18/turn

%: no passive effects
@: very slow
A: fangs 1, inability to use devices, no conjurations magic, no earth magic, no
hexes magic, unskilled 1, temperature sensitive, strong nose, distributed
training
a: Renounce Religion


You were on level 5 of the Lair of Beasts.
You worshipped Cheibriados.
Cheibriados was noncommittal.
You visited 3 branches of the dungeon, and saw 16 of its levels.
You also visited: Bailey.

You collected 713 gold pieces.
You spent 555 gold pieces at shops.

Inventory:

Hand Weapons
 a - a +2 halberd of venom
 b - a +2 shortbow of flaming
 e - a +0 demon whip of venom (weapon)
 f - a +0 dagger of venom
 t - a +2 broad axe of flaming
Missiles
 q - 5 javelins
 r - 29 poisoned darts (quivered)
 S - 5 curare-tipped darts
Armour
 d - an orb of light
 i - a scarf of resistance (worn)
 y - a +1 helmet of intelligence (worn)
 F - a +2 buckler
 J - a +2 pair of boots (worn)
 L - the -1 pair of gloves "Icaesyn" (worn) {Dex+3}
   (You found it on level 6 of the Dungeon)

   Dex:       It affects your dexterity (+3).
 O - a +0 ring mail of willpower (worn)
 R - a scarf of repulsion
Magical Staves
 H - a staff of poison
Jewellery
 s - a ring of protection from cold (left hand)
 z - a ring of positive energy (right hand)
Scrolls
 h - 2 scrolls of vulnerability
 j - a scroll of summoning
 l - 3 scrolls of identify
 n - 3 scrolls of magic mapping
 o - 3 scrolls of enchant weapon
 p - a scroll of silence
 w - a scroll of amnesia
 x - 4 scrolls of teleportation
 A - 5 scrolls of immolation
 C - 3 scrolls of poison
 G - 2 scrolls of enchant armour
 K - 2 scrolls of fog
 M - a scroll of fear
Potions
 c - 2 potions of ambrosia
 g - 2 potions of attraction
 k - 2 potions of haste
 m - 2 potions of magic
 u - 6 potions of mutation
 v - 2 potions of resistance
 D - 3 potions of might
 Q - 3 potions of brilliance
 T - 2 potions of experience
 U - 2 potions of cancellation


   Skills:
 + Level 9.6 Fighting
 + Level 7.3 Short Blades
 + Level 7.3 Long Blades
 + Level 7.3 Axes
 + Level 7.3 Maces & Flails
 + Level 9.6 Polearms
 + Level 7.3 Staves
 + Level 7.3 Ranged Weapons
 + Level 7.3 Throwing
 + Level 7.3 Armour
 + Level 9.6 Dodging
 + Level 7.3 Stealth
 + Level 7.3 Shields
 + Level 7.3 Unarmed Combat
 + Level 7.3 Spellcasting
   Level 0.0 Conjurations
   Level 0.0 Hexes
 + Level 6.1 Summonings
 + Level 6.1 Necromancy
 + Level 6.1 Translocations
 + Level 6.1 Transmutations
 + Level 6.1 Fire Magic
 + Level 6.1 Ice Magic
 + Level 6.1 Air Magic
   Level 0.0 Earth Magic
 + Level 6.1 Poison Magic
 + Level 8.1 Invocations
   Level 0.0 Evocations


You had 17 spell levels left.
You knew the following spells:

 Your Spells              Type           Power      Damage    Failure   Level
a - Shock                 Conj/Air       60%        1d6       7%          1
b - Blink                 Tloc           50%        N/A       2%          2
c - Swiftness             Air            25%        N/A       5%          3
d - Cigotuvi's Dreadful   Necr/Pois/Air  50%        N/A       2%          2

Your spell library contained the following spells:

 Spells                   Type           Power      Damage    Failure   Level
 Apportation              Tloc           50%        N/A       1%          1
 Necrotise                Necr           100%       1d9       1%          1
 Summon Small Mammal      Summ           100%       N/A       1%          1
 Lesser Beckoning         Tloc           50%        N/A       2%          2
 Sublimation of Blood     Necr           25%        N/A       2%          2
 Frozen Ramparts          Ice            50%        1d8       5%          3
 Gell's Gravitas          Tloc           25%        N/A       5%          3
 Teleport Other           Tloc           25%        N/A       5%          3
 Vampiric Draining        Necr           25%        2d7       5%          3
 Volatile Blastmotes      Fire/Tloc      50%        2d14      5%          3
 Airstrike                Air            12%        2d(2-18)  19%         4
 Ice Form                 Ice/Tmut       25%        N/A       19%         4
 Summon Ice Beast         Ice/Summ       25%        N/A       19%         4
 Agony                    Necr           25%        N/A       45%         5
 Kiss of Death            Conj/Necr      Unusable   2d10      N/A         1
 Momentum Strike          Conj/Tloc      Unusable   3d8       N/A         2
 Hailstorm                Conj/Ice       Unusable   3d5       N/A         3
 Summon Guardian Golem    Hex/Summ       Unusable   N/A       N/A         3
 Searing Ray              Conj           Unusable   2d4       N/A         2
 Iskenderun's Mystic Bla  Conj/Tloc      Unusable   2d5       N/A         4
 Petrify                  Tmut/Erth      Unusable   N/A       N/A         4
 Dazzling Flash           Conj/Hex       Unusable   N/A       N/A         3
 Fireball                 Conj/Fire      Unusable   3d5       N/A         5
 Irradiate                Conj/Tmut      Unusable   3d14      N/A         5
 Fulminant Prism          Conj/Hex       Unusable   3d5       N/A         4
 Lee's Rapid Deconstruct  Erth           Unusable   3d5*      N/A         5
 Starburst                Conj/Fire      Unusable   6d4       N/A         6
 Orb of Destruction       Conj           Unusable   9d5       N/A         7
 Spellforged Servitor     Conj/Summ      Unusable   N/A       N/A         7

Dungeon Overview and Level Annotations

Branches:
Dungeon (11/15)            Temple (1/1) D:7            Lair (3/5) D:10
  Swamp (0/4) Lair:2          Orc (0/2) D:10         Bailey (visited)
  Snake: Lair:2-3    Spider: Lair:2-3

Altars:
Ashenzari
Cheibriados
Dithmenos
Elyvilon
Fedhas
Gozag
Hepliaklqana
Kikubaaqudgha
Makhleb
Nemelex Xobeh
Okawaru
Qazlal
Ru
Sif Muna
Trog
Uskayaw
Vehumet
Wu Jian
Xom
Yredelemnul
Zin
The Shining One

Shops:
D:7 *   D:8 !   D:10 *

Portals:
Trove: D:10 (give +5 demon blade)

Annotations:
D:4 3 runed translucent doors, elongatedgoose's ghost, amateur DsGl


Innate Abilities, Weirdness & Mutations

You have very sharp teeth.
You cannot study or use magical devices.
You cannot study or cast Conjurations magic.
You cannot study or cast Earth magic.
You cannot study or cast Hexes magic.
You are somewhat unskilled. (-1 Apt)
You are sensitive to extremes of temperature. (rF-, rC-)
Your uncanny sense of smell can sniff out nearby items.
Your experience applies equally to all skills.


Message History

You kill the two-headed hydra!
Cheibriados appreciates the change of pace.
You hear a loud, deep croak!
The cane toad barely misses you.
You hear an angry growl.
You hit the cane toad. You burn the cane toad. Your bite misses the cane toad.
The cane toad is lightly wounded.
The cane toad misses you.
Your +2 broad axe of flaming stops flaming.
Your +0 demon whip of venom begins to drip with poison!
e - a +0 demon whip of venom (weapon)
The cane toad stings you but does no damage.
You whack the cane toad!
The cane toad is moderately wounded.
The cane toad stings you!
* * * LOW HITPOINT WARNING * * *
You are poisoned.
The cane toad poisons you!
You take 10 damage, and have 22/96 hp.
You hit the cane toad.
The cane toad is heavily wounded.
You feel sick. The cane toad stings you.
* * * LOW HITPOINT WARNING * * *
You take 4 damage, and have 18/96 hp.
You feel better.
The cane toad stings you but does no damage.
You regained 6 hp, and now have 24/96 hp.
You hit the cane toad.
You bite the cane toad, but do no damage.
The cane toad is heavily wounded.
The cane toad barely misses you.
You hit the cane toad but do no damage. Your bite misses the cane toad.
The cane toad is heavily wounded.
The cane toad stings you!
* * * LOW HITPOINT WARNING * * *
You are lethally poisoned!
The cane toad poisons you!
You take 15 damage, and have 9/96 hp.
You feel better.
The cane toad stings you but does no damage.
You regained 9 hp, and now have 18/96 hp.
You hit the cane toad.
The cane toad is heavily wounded.
The cane toad misses you.
You cannot evoke magical items.
Unknown command.
You hit the cane toad.
The cane toad is heavily wounded.
The cane toad stings you!!
You die...

.. .#...#~...~.~..
...#..............
#... P..$..#...P~
...#..##.#..).....
..............#
h.....##......##
...#. ##....#.# .
#. #.##F..## #
###@#..# ###.##
#.# ... Y.# .Y##
.. ##.


You could see a cane toad.

Vanquished Creatures
  A hydra (Lair:5)
  3 two-headed ogres
  4 death yaks (D:10)
  Amaemon (D:10)
  An orc knight (Bailey)
  3 cane toads
  A torpor snail (Lair:2)
  A gargoyle (D:11)
  An orange demon (Lair:1)
  Maggie (Lair:1)
  An unseen horror (D:11)
  A kobold demonologist (D:11)
  4 komodo dragons
  A troll (D:11)
  A polar bear (Lair:2)
  Prince Ribbit (D:5)
  4 dream sheep (Lair:1)
  4 blink frogs (Lair:1)
  A shadow (D:10)
  A spriggan (Lair:1)
  2 wraiths (D:9)
  28 yaks
  3 wyverns
  3 hogs (D:11)
  A human (D:11)
  A steam dragon (D:7)
  3 basilisks
  Menkaure (D:5)
  An acid dragon (D:8)
  10 water moccasins
  2 orc warriors
  An ice beast (D:7)
  2 black bears (Lair:1)
  2 ogres
  3 wolves
  A centaur (D:11)
  A phantom (D:5)
  A kobold brigand (D:9)
  2 gnoll sergeants
  8 bullfrogs
  2 scorpions
  7 wights
  6 killer bees (D:9)
  2 electric eels
  A crimson imp (D:11)
  5 howler monkeys
  5 hounds
  2 orc priests
  A jelly (D:6)
  A sleepcap (D:7)
  3 iguanas
  8 orc wizards
  Robin (D:2)
  5 adders
  20 gnolls
  4 shadow imps
  3 white imps
  2 ufetubi (D:5)
  A worm (D:4)
  43 orcs
  5 endoplasms
  4 giant cockroaches
  17 goblins
  12 hobgoblins
  4 jackals (D:4)
  11 kobolds
  3 quokkas
  7 ball pythons
  5 bats
  6 frilled lizards
  5 rats
313 creatures vanquished.

Vanquished Creatures (others)
  A yak (D:10)
  A wight (D:7)
  An orc (D:8)
3 creatures vanquished.

Grand Total: 316 creatures vanquished

Notes
Turn   | Place    | Note
-------+----------+-------------------------------------------
     0 | D:1      | backslashecho the Gnoll Monk began the quest for the Orb.
     0 | D:1      | Reached XP level 1. HP: 23/23 MP: 1/1
   125 | D:1      | Reached XP level 2. HP: 23/29 MP: 2/2
   502 | D:1      | Learned a level 2 spell: Blink
   915 | D:2      | Reached XP level 3. HP: 35/35 MP: 3/3
   938 | D:2      | Reached skill level 1 in Invocations
  1057 | D:2      | Noticed Robin
  1075 | D:2      | Killed Robin
  1076 | D:2      | Reached skill level 1 in Short Blades
  1076 | D:2      | Reached skill level 1 in Long Blades
  1076 | D:2      | Reached skill level 1 in Axes
  1076 | D:2      | Reached skill level 1 in Maces & Flails
  1076 | D:2      | Reached skill level 1 in Staves
  1076 | D:2      | Reached skill level 1 in Ranged Weapons
  1076 | D:2      | Reached skill level 1 in Throwing
  1076 | D:2      | Reached skill level 1 in Armour
  1076 | D:2      | Reached skill level 1 in Stealth
  1076 | D:2      | Reached skill level 1 in Shields
  1076 | D:2      | Reached skill level 1 in Unarmed Combat
  1076 | D:2      | Reached skill level 1 in Spellcasting
  1076 | D:2      | Reached skill level 1 in Evocations
  1182 | D:2      | Reached XP level 4. HP: 40/41 MP: 5/5
  1278 | D:2      | Found a shimmering altar of Xom.
  1502 | D:2      | Reached skill level 1 in Conjurations
  1502 | D:2      | Reached skill level 1 in Hexes
  1502 | D:2      | Reached skill level 1 in Summonings
  1502 | D:2      | Reached skill level 1 in Necromancy
  1502 | D:2      | Reached skill level 1 in Translocations
  1502 | D:2      | Reached skill level 1 in Transmutations
  1502 | D:2      | Reached skill level 1 in Fire Magic
  1502 | D:2      | Reached skill level 1 in Ice Magic
  1502 | D:2      | Reached skill level 1 in Air Magic
  1502 | D:2      | Reached skill level 1 in Earth Magic
  1502 | D:2      | Reached skill level 1 in Poison Magic
  1833 | D:3      | Found a blossoming altar of Fedhas.
  1901 | D:3      | Found a broken altar of Ashenzari.
  2414 | D:4      | Found a runed translucent gate.
  2414 | D:4      | Found a runed translucent gate.
  2414 | D:4      | Found a runed translucent gate.
  2418 | D:4      | Noticed elongatedgoose's ghost (amateur DsGl)
  2464 | D:4      | Reached XP level 5. HP: 47/47 MP: 5/7
  2758 | D:4      | Noticed a yak
  2787 | D:4      | Killed a yak
  2788 | D:4      | Reached XP level 6. HP: 35/53 MP: 7/9
  2857 | D:4      | Noticed a yak
  2864 | D:4      | Noticed a yak
  2864 | D:4      | Noticed a yak
  2864 | D:4      | Noticed a yak
  2914 | D:3      | Killed a yak
  2915 | D:3      | Reached XP level 7. HP: 26/60 MP: 10/10
  3208 | D:4      | Killed a yak
  3211 | D:4      | Killed a yak
  3212 | D:4      | Reached XP level 8. HP: 36/67 MP: 10/12
  3235 | D:4      | Killed a yak
  3613 | D:5      | Entered Level 5 of the Dungeon
  3628 | D:5      | Found a stormy altar of Qazlal.
  3681 | D:5      | Found a shimmering blue altar of Sif Muna.
  3982 | D:5      | Noticed Menkaure
  3993 | D:5      | Killed Menkaure
  4267 | D:5      | Found a basalt altar of Yredelemnul.
  4494 | D:5      | Found a glowing silver altar of Zin.
  4517 | D:5      | Noticed Prince Ribbit
  4534 | D:5      | Killed Prince Ribbit
  4643 | D:5      | Found an opulent altar of Gozag.
  4860 | D:6      | Reached XP level 9. HP: 69/73 MP: 13/15
  4866 | D:6      | Learned a level 3 spell: Swiftness
  4871 | D:6      | Identified the -1 pair of gloves "Icaesyn" {Dex+3}
  5633 | D:7      | Found a staircase to the Ecumenical Temple.
  5657 | Temple   | Entered the Ecumenical Temple
  5761 | Temple   | Became a worshipper of Ru the Awakened
  5778 | Temple   | Gained mutation: You cannot study or use magical devices.
                  | [Ru sacrifice]
  5778 | Temple   | Reached * piety under Ru
  5778 | Temple   | Reached ** piety under Ru
  5793 | D:7      | Reached skill level 5 in Invocations
  5823 | D:7      | Learned a level 1 spell: Shock
  5915 | D:7      | Found Igru's Incredible Inventory.
  6560 | D:8      | Reached skill level 5 in Short Blades
  6560 | D:8      | Reached skill level 5 in Long Blades
  6560 | D:8      | Reached skill level 5 in Axes
  6560 | D:8      | Reached skill level 5 in Maces & Flails
  6560 | D:8      | Reached skill level 5 in Staves
  6560 | D:8      | Reached skill level 5 in Ranged Weapons
  6560 | D:8      | Reached skill level 5 in Throwing
  6560 | D:8      | Reached skill level 5 in Armour
  6560 | D:8      | Reached skill level 5 in Stealth
  6560 | D:8      | Reached skill level 5 in Shields
  6560 | D:8      | Reached skill level 5 in Unarmed Combat
  6560 | D:8      | Reached skill level 5 in Spellcasting
  6560 | D:8      | Reached XP level 10. HP: 77/81 MP: 17/17
  6606 | D:8      | Found Keony's Distillery.
  6623 | D:8      | Bought a potion of heal wounds for 75 gold pieces
  6685 | D:8      | Found a flagged portal.
  6716 | Bailey   | Entered a bailey
  6967 | Bailey   | Noticed an orc knight
  6993 | Bailey   | Killed an orc knight
  8266 | D:9      | Noticed a two-headed ogre
  8300 | D:8      | Killed a two-headed ogre
  8592 | D:9      | Gained mutation: You are sensitive to extremes of
                  | temperature. (rF-, rC-) [Ru sacrifice]
  8592 | D:9      | Reached *** piety under Ru
  8592 | D:9      | Reached **** piety under Ru
  8962 | D:9      | Found a shimmering altar of Xom.
  8962 | D:9      | Found a shimmering altar of Xom.
  8964 | D:9      | Found a shimmering altar of Xom.
  9186 | D:9      | Found a shimmering altar of Xom.
  9186 | D:9      | Found a shimmering altar of Xom.
  9188 | D:9      | Found a shimmering altar of Xom.
  9490 | D:10     | Entered Level 10 of the Dungeon
  9579 | D:10     | Noticed a death yak
  9579 | D:10     | Noticed a death yak
  9582 | D:10     | Noticed a death yak
  9582 | D:10     | Noticed a death yak
  9779 | D:10     | Killed a death yak
  9780 | D:10     | Reached skill level 5 in Conjurations
  9780 | D:10     | Reached skill level 5 in Hexes
  9780 | D:10     | Reached skill level 5 in Summonings
  9780 | D:10     | Reached skill level 5 in Necromancy
  9780 | D:10     | Reached skill level 5 in Translocations
  9780 | D:10     | Reached skill level 5 in Transmutations
  9780 | D:10     | Reached skill level 5 in Fire Magic
  9780 | D:10     | Reached skill level 5 in Ice Magic
  9780 | D:10     | Reached skill level 5 in Air Magic
  9780 | D:10     | Reached skill level 5 in Earth Magic
  9780 | D:10     | Reached skill level 5 in Poison Magic
  9780 | D:10     | Reached XP level 11. HP: 89/89 MP: 20/20
  9794 | D:10     | Killed a death yak
  9804 | D:10     | Killed a death yak
  9817 | D:10     | Killed a death yak
 10129 | D:10     | Found a staircase to the Lair.
 10178 | D:10     | Found Kakhabyt's Neck Hole.
 10186 | D:10     | Bought a scarf of resistance for 480 gold pieces
 10462 | D:10     | Found a staircase to the Orcish Mines.
 10718 | D:10     | Found a portal to a secret trove of treasure.
 10985 | D:10     | Got Vuvyhuxt's Grimoire of Astrapomancy and Blasting
 11011 | D:10     | Noticed a two-headed ogre
 11051 | D:10     | Killed a two-headed ogre
 11660 | D:11     | Gained mutation: You are somewhat unskilled. (-1 Apt) [Ru
                  | sacrifice]
 11660 | D:11     | Reached ***** piety under Ru
 11825 | D:11     | Noticed a two-headed ogre
 11837 | D:11     | Killed a two-headed ogre
 11838 | D:11     | Reached XP level 12. HP: 59/94 MP: 21/21
 12604 | Lair:1   | Entered Level 1 of the Lair of Beasts
 12608 | Lair:1   | Noticed Amaemon
 12708 | D:10     | Killed Amaemon
 12967 | Lair:1   | Noticed Maggie
 12985 | Lair:1   | HP: 4/95 [Maggie/bolt of fire (14)]
 12988 | Lair:1   | Killed Maggie
 13252 | Lair:1   | Learned a level 2 spell: Cigotuvi's Dreadful Rot
 14706 | Lair:2   | Found a staircase to the Swamp.
 15084 | Lair:2   | Gained mutation: You cannot study or cast Earth magic. [Ru
                  | sacrifice]
 15084 | Lair:2   | Gained mutation: You cannot study or cast Hexes magic. [Ru
                  | sacrifice]
 15084 | Lair:2   | Gained mutation: You cannot study or cast Conjurations
                  | magic. [Ru sacrifice]
 15084 | Lair:2   | Reached ****** piety under Ru
 15236 | Temple   | Fell from the grace of Ru
 15236 | Temple   | Became a worshipper of Cheibriados the Contemplative
 16050 | Lair:3   | You fall into a shaft and drop 2 floors!
 16050 | Lair:5   | Entered Level 5 of the Lair of Beasts
 16185 | Lair:5   | Noticed a seven-headed hydra
 16195 | Lair:5   | Killed a two-headed hydra
 16205 | Lair:5   | Slain by a cane toad

Illustrated notes

Levels and vault maps discovered:
D:1:      lightli_arrival_chessboard, layout_basic
D:2:      layout_loops_ring, basic_altar, uniq_robin
D:3:      layout_basic, ashenzari_altar_1, mainiacjoe_overflow_small_starburst,
          grunt_decor_resistance, hangedman_decor_diamond_cutter
D:4:      layout_cave_pools, gammafunk_ghost_necromancy
D:5:      cheibrodos_quashed, layout_gridville, kennysheep_little_box,
          pdpol_temple_overflow_zin_treasury_gozag_greed,
          grunt_temple_overflow_open, uniq_prince_ribbit1, uniq_menkaure
D:6:      layout_rooms, serial_curves, eino_curves_04, eino_curves_02
D:7:      layout_basic, minmay_temple_entry_junction_2, grunt_ministairs_13,
          nicolae_alphabet_shops
D:8:      layout_loops_ring, serial_shops, shop_coins, enter_bailey_3,
          grunt_ministairs_10
D:9:      layout_basic, xom_shifter_show
D:10:     layout_stronghold, dpeg_lair_monsters, orc_0_dummy, enter_trove_3,
          nicolae_shop_sticking_my_neck_out
D:11:     layout_loops_corners, grunt_livestock, minmay_fire_ice_demons
Temple:   jpeg_temple_clearing
Lair:1:   layout_roguey, serial_bayou_shore_a, grunt_megastairs_3, uniq_maggie,
          uniq_amaemon
Lair:2:   layout_layer_cave, swamp_mist_pool, grunt_forest_stairs_clearing
Lair:3:   layout_regular_city, nicolae_spider_entry_lesser_pyramids,
          minmay_lair_oklob_items, kennysheep_abandoned_house, uniq_nessos
Lair:5:   minmay_lair_end_frog_pond, layout_loops_ring

Skill      XL: |  1  2  3  4  5  6  7  8  9 10 11 12 |
---------------+-------------------------------------+-----
Invocations    | 1 2 3 4 5 6 7 8 |  8.1
Short Blades   | 1 2 3 4 5 6 6 7 |  7.3
Long Blades    | 1 2 3 4 5 6 6 7 |  7.3
Axes           | 1 2 3 4 5 6 6 7 |  7.3
Maces & Flails | 1 2 3 4 5 6 6 7 |  7.3
Staves         | 1 2 3 4 5 6 6 7 |  7.3
Ranged Weapons | 1 2 3 4 5 6 6 7 |  7.3
Throwing       | 1 2 3 4 5 6 6 7 |  7.3
Armour         | 1 2 3 4 5 6 6 7 |  7.3
Stealth        | 1 2 3 4 5 6 6 7 |  7.3
Shields        | 1 2 3 4 5 6 6 7 |  7.3
Unarmed Combat | 1 2 3 4 5 6 6 7 |  7.3
Spellcasting   | 1 2 3 4 5 6 6 7 |  7.3
Evocations     | 1 2 3 4 0 |  0.0
Conjurations   | 1 2 3 4 5 0 |  0.0
Hexes          | 1 2 3 4 5 0 |  0.0
Summonings     | 1 2 3 4 5 6 |  6.1
Necromancy     | 1 2 3 4 5 6 |  6.1
Translocations | 1 2 3 4 5 6 |  6.1
Transmutations | 1 2 3 4 5 6 |  6.1
Fire Magic     | 1 2 3 4 5 6 |  6.1
Ice Magic      | 1 2 3 4 5 6 |  6.1
Air Magic      | 1 2 3 4 5 6 |  6.1
Earth Magic    | 1 2 3 4 5 0 |  0.0
Poison Magic   | 1 2 3 4 5 6 |  6.1
Fighting       | 7 8 9 8 9 |  9.6
Polearms       | 7 8 9 8 9 |  9.6
Dodging        | 7 8 9 8 9 |  9.6

Action                     |  1- 3 |  4- 6 |  7- 9 | 10-12 || total
---------------------------+-------+-------+-------+-------++-------
  Melee: Spear             |    62 |   179 |    96 |       ||   337
         Bite              |     4 |    22 |    49 |    91 ||   166
         Trident           |       |       |   232 |    74 ||   306
         Glaive            |       |       |     8 |       ||     8
         Halberd           |       |       |       |   622 ||   622
         Punch             |       |       |       |     1 ||     1
         Broad axe         |       |       |       |     6 ||     6
         Demon whip        |       |       |       |     6 ||     6
   Fire: Sling             |    34 |     8 |    15 |       ||    57
         Shortbow          |       |       |       |    55 ||    55
  Throw: Dart              |       |    14 |    43 |    21 ||    78
         Javelin           |       |       |     1 |       ||     1
 Invoke: Sacrifice Artific |       |       |     1 |       ||     1
         Sacrifice Resista |       |       |       |     1 ||     1
         Sacrifice Skill   |       |       |       |     1 ||     1
         Sacrifice Arcana  |       |       |       |     1 ||     1
  Evoke: Wand              |       |       |     3 |       ||     3
    Use: Potion            |       |     2 |     3 |    17 ||    22
         Scroll            |       |     1 |    16 |    12 ||    29
   Stab: Sleeping          |       |     1 |     6 |    20 ||    27
         Distracted        |       |       |     1 |     3 ||     4
         Invisible         |       |       |       |    11 ||    11
         Paralysed         |       |       |       |     1 ||     1
 Armour: Robe              |     7 |    34 |    53 |    45 ||   139
         Skin              |       |       |     3 |    15 ||    18
         Ring mail         |       |       |       |    81 ||    81
  Dodge: Dodged            |    32 |    63 |   207 |   388 ||   690
